 Dungeon Crawl Stone Soup version 0.30-a0-394-g3e4acdb0ae (webtiles) character file.

Game seed: 5824096500975770666

441 Bnni the Poker (level 7, -10/56 HPs)
             Began as a Formicid Fighter on Dec 6, 2022.
             Mangled by a gnoll
             ... wielding a +0 halberd
             ... led by a gnoll bouda
              (12 damage)
             ... on level 4 of the Dungeon.
             The game lasted 00:07:57 (2988 turns).

Bnni the Poker (Formicid Fighter)                   Turns: 2988, Time: 00:07:58

Health: -10/56     AC: 11    Str: 21 (23) XL:     7   Next: 22%
Magic:  7/7        EV:  7    Int: 11 (13) God:
Gold:   172        SH:  5    Dex: 11 (13) Spells: 6/6 levels left

rFire   + . .      SeeInvis +    a - +0 trident
rCold   . . .      Faith    .    c - +0 buckler
rNeg    . . .      Spirit   .    k - +0 chain mail
rPois   .          Reflect  .    (helmet unavailable)
rElec   .          Harm     .    (no cloak)
rCorr   .          Rampage  .    p - +0 pair of gloves
Will    .....                    b - +0 pair of boots
Stlth   ..........               (no amulet)
HPRegen 0.29/turn                i - ring "Hiaroap" {rF+ Int+6}
MPRegen 0.10/turn                (no ring)

@: lethally poisoned (-10 -> -18), weakened, flying
A: permanent stasis, dig shafts and tunnels, antennae 3, four strong arms
a: Dig, Shaft Self


You were on level 4 of the Dungeon.
You visited 1 branch of the dungeon, and saw 4 of its levels.

You collected 172 gold pieces.

Inventory:

Hand Weapons
 a - a +0 trident (weapon)
Missiles
 l - 6 javelins
 v - 6 boomerangs
Armour
 b - a +0 pair of boots (worn)
 c - a +0 buckler (worn)
 k - a +0 chain mail (worn)
 p - a +0 pair of gloves (worn)
Jewellery
 i - the ring "Hiaroap" (left hand) {rF+ Int+6}
   (You took it off a goblin on level 2 of the Dungeon)

   [ring of protection from fire]

   Int:       It affects your intelligence (+6).
   rF:        It protects you from fire.
Scrolls
 f - a scroll of enchant weapon {unknown}
 g - 2 scrolls of fear
 h - a scroll of blinking {unknown}
 n - a scroll of poison {unknown}
 o - a scroll of enchant armour {unknown}
 t - a scroll of identify {unknown}
Potions
 d - 2 potions of might
 j - a potion of degeneration
 m - a potion of heal wounds {unknown}
 q - a potion of brilliance {unknown}
 r - a potion of curing {unknown}
 s - a potion of invisibility {unknown}
 u - a potion of lignification {unknown}


   Skills:
 + Level 5.3 Fighting
 * Level 5.7 Polearms
 - Level 3.2 Armour
 - Level 5.0 Shields


You had 6 spell levels left.
You didn't know any spells.
Your spell library contained the following spells:

 Spells                   Type           Power      Damage    Failure   Level
 Sandblast                Erth           0%         2d4       99%         1
 Passwall                 Tmut/Erth      0%         N/A       99%         2
 Stone Arrow              Conj/Erth      0%         3d7       100%        3
 Chain Lightning          Conj/Air       0%         N/A       100%        9
 Fire Storm               Conj/Fire      0%         5d1       100%        9
 Shatter                  Erth           0%         3d5*      100%        9


Dungeon Overview and Level Annotations

Branches:
Dungeon (4/15)
 Temple: D:4-7

Altars:

Shops:
D:2 *   D:3 :


Innate Abilities, Weirdness & Mutations

You cannot be hasted, slowed, berserked, paralysed or teleported.
You can dig through walls and to a lower floor.
You have a pair of large antennae on your head. (SInv)
Your four strong arms can wield two-handed weapons with a shield.


Message History

The gnoll barely misses you.
You puncture the gnoll!
You kill the gnoll!
You feel sick.
The gnoll hits you from afar with a +0 halberd.
You hit the gnoll bouda but do no damage.
You feel sick.
The gnoll throws a poisoned dart.
The poisoned dart hits you!
You are more poisoned.
The gnoll bouda gazes fiercely through you!
You feel your attacks grow feeble.
The gnoll bouda hits you but does no damage.
You hit the gnoll bouda but do no damage.
You feel very sick.
The gnoll throws a poisoned dart.
The poisoned dart hits you!
You are more poisoned.
The gnoll bouda closely misses you.
You are too injured to fight recklessly!
You are too injured to fight recklessly!
You barely miss the gnoll bouda.
You feel very sick.
The gnoll hits you from afar with a +0 halberd!
* * * LOW HITPOINT WARNING * * *
The gnoll bouda hits you with a +0 falchion.
* * * LOW HITPOINT WARNING * * *
It was a potion of degeneration.
There was something very wrong with that liquid.
You feel weakened.
You feel dopey.
You feel clumsy.
* * * LOW HITPOINT WARNING * * *
You feel very sick.
The gnoll hits you from afar with a +0 halberd.
* * * LOW HITPOINT WARNING * * *
The gnoll bouda hits you with a +0 falchion.
* * * LOW HITPOINT WARNING * * *
It was a potion of flight.
You feel very buoyant.
You fly up into the air.
* * * LOW HITPOINT WARNING * * *
You feel sick.
The gnoll hits you from afar with a +0 halberd!
You die...

###. .... .... ...... ..###
....# .....# .###.
...#####g.....
...#.###...##.)...##
......#...##.@g....#
......#...#........#
.#....>............#
.............##...... ..
.........######.........
........##.## ....###....#
............# #...........
............# #..........#..
............###..#.........##


You could see a gnoll bouda and a gnoll (swift).

Vanquished Creatures
  A hound (D:3)
  2 jellies
  An orc priest (D:3)
  3 orc wizards (D:4)
  Robin (D:2)
  3 gnolls
  6 adders
  3 worms
  7 dart slugs
  13 orcs
  5 bats
  6 endoplasms
  2 giant cockroaches
  13 goblins
  12 hobgoblins
  9 jackals
  4 kobolds
  5 quokkas
  10 ball pythons
  4 frilled lizards
  6 rats
116 creatures vanquished.

Notes
Turn   | Place    | Note
-------+----------+-------------------------------------------
     0 | D:1      | Bnni the Formicid Fighter began the quest for the Orb.
     0 | D:1      | Reached XP level 1. HP: 18/18 MP: 1/1
   191 | D:1      | Reached XP level 2. HP: 24/24 MP: 2/2
   206 | D:1      | Found a faded altar of an unknown god.
   314 | D:1      | Reached XP level 3. HP: 24/29 MP: 3/3
   901 | D:2      | Reached skill level 5 in Shields
   901 | D:2      | Reached XP level 4. HP: 12/37 MP: 4/4
  1049 | D:2      | Found Weonutou's General Store.
  1275 | D:2      | Noticed Robin
  1276 | D:2      | Identified the ring "Hiaroap" {rF+ Int+6}
  1292 | D:2      | Killed Robin
  1293 | D:2      | Reached XP level 5. HP: 37/42 MP: 5/5
  2061 | D:3      | Reached XP level 6. HP: 11/49 MP: 6/6
  2472 | D:3      | Reached skill level 5 in Polearms
  2597 | D:3      | Found Piepum's Book Boutique.
  2736 | D:4      | Reached skill level 5 in Fighting
  2807 | D:4      | Reached XP level 7. HP: 22/56 MP: 7/7
  2988 | D:4      | HP: 2/56 [poisoned by a gnoll]
  2988 | D:4      | Mangled by a gnoll

Illustrated notes

Levels and vault maps discovered:
D:1:      evilmike_arrival_fibonacci_small, layout_loops_ring,
          hellmonk_ecumenical_altar_slurped_away, due_unseen_surprise
D:2:      layout_basic, serial_shops, nicolae_lakefront_shop,
          corexii_item_surrounded_by_moat, uniq_robin
D:3:      kennysheep_slugbush, layout_loops_ring, serial_shops,
          nicolae_diamond_shop
D:4:      layout_cave_pools, grunt_temple_overflow_open,
          minmay_temple_entry_hall, nicolae_shop_gadgets

Skill      XL: |  1  2  3  4  5  6 |
---------------+-------------------+-----
Polearms       | 3 4 5 |  5.7
Shields        | 5 |  5.0
Fighting       | 4 5 |  5.3
Armour         | |  3.2

Action                   |  1- 3 |  4- 6 |  7- 9 || total
-------------------------+-------+-------+-------++-------
Melee: Trident           |   114 |   287 |    21 ||   422
 Abil: Dig               |     1 |     1 |       ||     2
  Use: Scroll            |       |     2 |       ||     2
       Potion            |       |     1 |     2 ||     3
Armor: Scale mail        |    18 |       |       ||    18
       Chain mail        |    32 |   160 |     4 ||   196
Dodge: Dodged            |    36 |    78 |     7 ||   121
Block: Buckler           |    25 |    61 |     3 ||    89

Table legend: (Time is in decaauts)
 A = Elapsed time spent in this place.
 B = Non-inter-level travel time spent in this place.
 C = Inter-level travel time spent in this place.
 D = Time resting spent in this place.
 E = Time spent auto-exploring this place.
 F = Levels seen in this place.
 G = Mean time per level.
                   A        B        C        D        E       F      G
               +--------+--------+--------+--------+--------+-----+--------+
         Total |   3064 |   3013 |     51 |    387 |   1766 |   4 |  766.0 |
       Dungeon |   3064 |   3013 |     51 |    387 |   1766 |   4 |  766.0 |
               +--------+--------+--------+--------+--------+-----+--------+

Top non-repeatable levels by time:
     D:3: 998 daAuts
     D:2: 944 daAuts
     D:1: 842 daAuts
     D:4: 278 daAuts
